 Dungeon Crawl Stone Soup version 0.18.1-8-gdd0e5ea (webtiles) character file.

182 Gargoyl the Skirmisher (level 5, -14/42 HPs)
             Began as a Demonspawn Abyssal Knight on May 30, 2016.
             Was a Believer of Lugonu.
             Demolished by Menkaure (16 damage)
             ... on level 4 of the Dungeon.
             The game lasted 00:03:58 (2714 turns).

Gargoyl the Skirmisher (Demonspawn Abyssal Knight)  Turns: 2714, Time: 00:03:59

Health: -14/42     AC:  9    Str: 13    XL:     5   Next: 35%
Magic:  7/7        EV:  6    Int: 13    God:    Lugonu [**....]
Gold:   150        SH:  0    Dex: 13    Spells: 0 memorised, 4 levels left

rFire  . . .     SeeInvis .     j - +1 hand axe (elec)
rCold  . . .     Gourm    .     d - +0 chain mail
rNeg   . . .     Faith    .     (no shield)
rPois  .         Spirit   .     (no helmet)
rElec  .         Dismiss  .     (no cloak)
rCorr  .         Reflect  .     (no gloves)
SustAt .         Harm     .     (no boots)
MR     .....                    (no amulet)
Stlth  ..........               (no ring)
                                (no ring)

@: not resistant to hostile enchantments, extremely unstealthy
A: powered by death 1, spiny 1
a: Depart the Abyss, Bend Space, Renounce Religion


You were on level 4 of the Dungeon.
You worshipped Lugonu.
Lugonu was pleased with you.
You were not hungry.

You visited 1 branch of the dungeon, and saw 4 of its levels.
You visited the Abyss 1 time.

You collected 150 gold pieces.

Inventory:

Hand Weapons
 j - a +1 hand axe of electrocution (weapon)
 o - a +0 flail
Armour
 d - a +0 chain mail (worn)
Scrolls
 a - 2 scrolls of blinking {unknown}
 b - 3 scrolls of remove curse
 e - a scroll of fog
 k - 2 scrolls of fear
 l - 2 scrolls of teleportation {unknown}
 m - 2 scrolls of enchant armour {unknown}
 p - a scroll of noise {unknown}
 r - 2 scrolls of identify {unknown}
Potions
 i - a potion of curing {unknown}
 n - a potion of magic {unknown}
 q - a potion of heal wounds {unknown}
 t - a potion of mutation {unknown}
Comestibles
 c - 2 bread rations
 f - 2 beef jerkies
 g - 2 meat rations
 h - 2 royal jellies
 s - 3 chunks of flesh


   Skills:
 + Level 4.0 Fighting
 + Level 2.5 Axes
 * Level 3.6 Armour
 + Level 1.3 Dodging
 + Level 0.4 Stealth
 + Level 2.9 Invocations


You had 4 spell levels left.
You didn't know any spells.

Dungeon Overview and Level Annotations

Branches:
Dungeon (4/15)
 Temple: D:4-7

Altars:

Annotations:
D:4 Menkaure


Innate Abilities, Weirdness & Mutations

You regenerate a little health from kills.
You are partially covered in sharp spines.


Message History

Menkaure, Prince of Dust comes into view.
Menkaure shouts!
Menkaure casts a spell.
Menkaure seems to speed up.
Menkaure is struck by your spines. Menkaure hits you!
You hit Menkaure but do no damage.
There is a sudden explosion of sparks!
Menkaure is severely damaged.
Menkaure hits you!
You closely miss Menkaure.
Menkaure is severely damaged.
Menkaure is struck by your spines. Menkaure barely misses you.
Menkaure mumbles, "It doesn't hurt if you pull your brain out of your nose yourself."
Menkaure hits you!
* * * LOW HITPOINT WARNING * * *
Drink which item? (? for menu, Esc to quit)
Okay, then.
Your chain mail prevents you from hitting Menkaure.
Menkaure is severely damaged.
Menkaure is struck by your spines. Menkaure hits you!
You die...

#.# #......
..# #.#
#...... #.#
#.# #......
#.# #.#
#...... #.#
#.# #......
#.# #.#
#...... #.#
#.# #......
#####.###.#
#......
#...M@....#
......
#.###.#####
..... #.#
#### #.#
#.. ###


You could see Menkaure.

Vanquished Creatures
  3 orc priests
  3 adders
  An ooze (D:3)
  2 dart slugs
  8 orcs
  4 bats
  3 giant cockroaches
  6 goblins
  5 hobgoblins
  7 kobolds
  2 giant newts
  10 rats
54 creatures vanquished.

Notes
Turn   | Place    | Note
--------------------------------------------------------------
     0 | Abyss:1  | Gargoyl the Demonspawn Abyssal Knight began the quest for the Orb.
     0 | Abyss:1  | Reached XP level 1. HP: 18/18 MP: 2/2
    14 | Abyss:2  | Found a corrupted altar of Lugonu.
    61 | Abyss:2  | Noticed a bone dragon
    79 | Abyss:2  | Noticed a chaos spawn
   104 | Abyss:2  | Noticed an earth elemental
   107 | D:1      | Escaped the Abyss
   664 | D:1      | You fall through a shaft!
   667 | D:2      | Gained mutation: You are partially covered in sharp spines. [demonic ancestry]
   667 | D:2      | Reached XP level 2. HP: 24/24 MP: 3/3
  1018 | D:1      | Reached * piety under Lugonu
  1417 | D:2      | Reached XP level 3. HP: 29/29 MP: 3/5
  2111 | D:3      | Reached skill level 1 in Dodging
  2244 | D:3      | Reached XP level 4. HP: 37/37 MP: 6/6
  2534 | D:3      | Reached ** piety under Lugonu
  2620 | D:4      | Gained mutation: You regenerate a little health from kills. [demonic ancestry]
  2620 | D:4      | Reached XP level 5. HP: 42/42 MP: 7/7
  2624 | D:4      | Reached skill level 4 in Fighting
  2708 | D:4      | Noticed Menkaure
  2713 | D:4      | HP: 2/42 [Menkaure (13)]
  2714 | D:4      | Demolished by Menkaure

Skill      XL: |  1  2  3  4  5 |
---------------+----------------+-----
Armour         | 2 3 |  3.6
Dodging        | 1 |  1.3
Axes           | 2 |  2.5
Fighting       | 4 |  4.0
Stealth        | |  0.4
Invocations    | |  2.9

Action                   |  1- 3 |  4- 6 || total
-------------------------+-------+-------++-------
Melee: Hand axe          |    63 |    29 ||    92
Invok: Depart the Abyss  |     1 |       ||     1
  Use: Scroll            |     3 |       ||     3
  Eat: Chunk             |     4 |     2 ||     6
Armor: Chain mail        |    40 |    18 ||    58
Dodge: Dodged            |    19 |    12 ||    31
